 Dungeon Sprint DCSS version 0.32-a0-909-gc671339a80 (webtiles) character file.

Game seed: 6307554439409539040

283625 dialectric the Ninja (level 13, 72/72 HPs)
             Began as a Spriggan Brigand on Apr 6, 2024.
             Was the Champion of Dithmenos.
             Escaped with the Orb!
             The game lasted 00:22:41 (3333 turns).

dialectric the Ninja (Spriggan Brigand)             Turns: 3333, Time: 00:22:41

Health: 72/72      AC:  7    Str:  8    XL:     13   Next: 16%
Magic:  34/34      EV: 46    Int: 16    God:    Dithmenos [******]
Gold:   3103       SH:  0    Dex: 30    Spells: 37/44 levels left

rFire   + . .        p - +4 dagger (distort)
rCold   . . .        (no shield)
rNeg    + + .        y - +2 robe {rN+}
rPois   +            (helmet restricted)
rElec   .            r - +2 cloak {Will+}
rCorr   +            (gloves unavailable)
SInv    +            (boots unavailable)
Will    +++..        J - amulet "Coror" {rF+ RegenMP+ Str+5}
Stlth   ++++         B - ring "Lerrexom" {rN+ rCorr Str-4 Int+3 Dex+9}
HPRegen 0.32/turn    (no ring)
MPRegen 0.64/turn

%: no teleportation
@: very quick
A: very small, no large weapons, unfitting armour, see invisible, speed 3,
poison resistance, inability to drink after injury 1
0: Orb of Zot
a: Renounce Religion, Shadow Step, Shadow Form


You escaped.
You worshipped Dithmenos.
Dithmenos was exalted by your worship.
You visited 1 branch You collected 6306 gold pieces.
You spent 3203 gold pieces at shops.

Inventory:

Hand Weapons
 p - a +4 dagger of distortion (weapon)
 A - a +0 vampiric short sword
 H - a +2 rapier of speed
Missiles
 d - 9 poisoned darts (quivered)
 e - 2 curare-tipped darts
Armour
 a - the +5 robe of the Voracious God {Str-2 Int+3}
   (You bought it in a shop in the Dungeon)

   Str-2:     It affects your strength (-2).
   Int+3:     It affects your intelligence (+3).
 q - a +0 troll leather armour
 r - a +2 cloak of willpower (worn)
 y - a +2 robe of positive energy (worn)
 D - +1 ice dragon scales
Jewellery
 z - the amulet "Mumeepn" {Reflect rC- Dex+5 SH+5}
   (You bought it in a shop in the Dungeon)

   [amulet of reflection]

   Reflect:   It reflects blocked missile attacks.
   Dex+5:     It affects your dexterity (+5).
   rC-:       It makes you vulnerable to cold.
   SH+5:      It affects your SH (+5).
 B - the ring "Lerrexom" (left hand) {rN+ rCorr Str-4 Int+3 Dex+9}
   (You acquired it in the Dungeon)

   [ring of resist corrosion]

   Str-4:     It affects your strength (-4).
   Int+3:     It affects your intelligence (+3).
   Dex+9:     It affects your dexterity (+9).
   rN+:       It protects you from negative energy.
   rCorr:     It protects you from acid and corrosion.
 C - a ring of fire
 E - a ring of resist corrosion
 J - the amulet "Coror" (around neck) {rF+ RegenMP+ Str+5}
   (You found it in the Dungeon)

   [amulet of magic regeneration]

   It increases your rate of magic regeneration.
   Str+5:     It affects your strength (+5).
   rF+:       It protects you from fire.
   RegenMP+:  It increases your rate of magic regeneration.
Wands
 l - a wand of quicksilver (7)
 m - a wand of warping (4)
Scrolls
 k - a scroll of blinking
 n - a scroll of fear
 o - 2 scrolls of fog
Potions
 f - 3 potions of curing
 g - a potion of heal wounds
 h - 2 potions of haste
 i - 2 potions of magic
 s - a potion of enlightenment
 t - a potion of attraction
Miscellaneous
 w - a lightning rod (4/4)
 F - a phantom mirror (inert)
 G - a tin of tremorstones (2/2)
 I - a phial of floods


   Skills:
 + Level 10.0 Fighting
 - Level 14.0 Short Blades
 - Level 9.0 Throwing
 - Level 5.6 Armour
 + Level 21.3 Dodging
 O Level 27 Stealth
 * Level 16.2 Spellcasting
 - Level 7.0 Invocations
 - Level 7.0 Evocations


You had 37 spell levels left.
You knew the following spells:

 Your Spells              Type           Power      Damage    Failure   Level
a - Airstrike             Air            6%         2d(1-17)  43%         4
b - Passwall              Erth           12%        N/A       14%         3

Your spell library contained the following spells:

 Spells                   Type           Power      Damage    Failure   Level
 Shock                    Conj/Air       48%        1d6       4%          1
 Swiftness                Air            12%        N/A       14%         3
 Volatile Blastmotes      Fire/Tloc      24%        2d12      14%         3
 Vhi's Electric Charge    Tloc/Air       24%        N/A       43%         4
 Bombard                  Conj/Erth      6%         9d2       100%        6


Dungeon Overview and Level Annotations

Branches:
Dungeon (1/1)

Altars:
Cheibriados
Dithmenos
Elyvilon
Fedhas
Gozag
Hepliaklqana
Kikubaaqudgha
Makhleb
Nemelex Xobeh
Okawaru
Qazlal
Ru
Sif Muna
Trog
Uskayaw
Vehumet
Wu Jian
Xom
Yredelemnul
Zin
The Shining One
Jiyva
Lugonu

Shops:
D ?[![:[[(??[![:[==?=[!?

Annotations:
D Lom Lobon, Tiamat


Innate Abilities, Weirdness & Mutations

You are very small and have problems with some larger weapons.
You are too small for most types of armour.
You have supernaturally acute eyesight. (SInv)
You cover ground extremely quickly. (Speed+++)
Your system is resistant to poisons. (rPois)
You occasionally lose the ability to drink potions when taking damage.


Message History

The lorocyproca is heavily wounded.
Your shadow closely misses the lorocyproca.
The lorocyproca misses you.
You barely miss the lorocyproca.
The lorocyproca is heavily wounded.
The angel completely misses you. x2
You hit the lorocyproca but do no damage.
Space warps horribly around the lorocyproca!
The lorocyproca is severely wounded.
Your shadow hits the lorocyproca but does no damage.
You are starting to lose your buoyancy.
The lorocyproca barely misses you.
You hit the lorocyproca.
The lorocyproca is severely wounded.
Your shadow barely misses the lorocyproca.
The lorocyproca blinks!
The angel completely misses you. x2
A hellwing comes into view.
There is an open door here.
The angel attacks as it pursues you! The angel completely misses you.
The angel misses you.
The hellwing gives a chilling moan.
A hellwing comes into view.
There is an open door here.
The angel attacks as it pursues you! The angel misses you.
The angel completely misses you.
There is an open door here.
You float gracefully downwards.
There is an open door here.
There is an open door here.
Things that are here:
a +0 scythe; a +0 robe Your enlightenment fades.
There is an open door here.
There is an open door here.
Things that are here:
a +0 club; a +0 ring mail
There is an open door here.
There is a staircase leading out of the dungeon here.
You can't go down here!
You have escaped!

##################
#@.#.)'..#.)'..#__
#..A..#..'..#..'..
#..#####'#####'#__
#..####..#...#.###
#..#__####..##)#~§
#).#_____##'#_§§§§
#⌠⌠#_.∩..)§...§#§~
####_..__##_.#'##'
#_____###'#.#((


You could see an angel.

Vanquished Creatures
  the Lernaean hydra (D)
  A golden dragon (D)
  A deep elf master archer (D)
  A shadow dragon (D)
  4 fire giants (D)
  A deep elf annihilator (D)
  A mummy priest (D)
  A hydra (D)
  2 centaur warriors (D)
  4 demonic crawlers (D)
  Sonja (D)
  A deep troll (D)
  A lindwurm (D)
  7 shining eyes (D)
  2 oklob plants (D)
  2 merfolk sirens (D)
  2 gargoyles (D)
  7 unseen horrors (D)
  2 kobold demonologists (D)
  A hellwing (D)
  5 hornets (D)
  5 glass eyes (D)
  A slime creature (D)
  Sigmund (D)
  A yak (D)
  11 hogs (D)
  2 redbacks (D)
  An ogre (D)
  7 wights (D)
  8 jellies (D)
  Ijyb (D)
86 creatures vanquished.

Vanquished Creatures (others)
  2 ballistomycete spores (D)
2 creatures vanquished.

Grand Total: 88 creatures vanquished

Notes
Turn   | Place    | Note
-------+----------+-------------------------------------------
     0 | D        | dialectric the Spriggan Brigand began the quest for the
                  | Orb.
     0 | D        | Reached XP level 1. HP: 10/10 MP: 2/2
     2 | D        | Noticed Ijyb
     4 | D        | Killed Ijyb
     5 | D        | Reached skill level 9 in Stealth
     5 | D        | Reached XP level 2. HP: 15/15 MP: 3/3
     7 | D        | Noticed an ogre
    25 | D        | Killed an ogre
    26 | D        | Reached skill level 13 in Stealth
    26 | D        | Reached XP level 3. HP: 19/19 MP: 4/4
    26 | D        | Reached XP level 4. HP: 23/23 MP: 5/5
    51 | D        | Noticed Sigmund
    53 | D        | Killed Sigmund
    54 | D        | Reached skill level 17 in Stealth
    54 | D        | Reached XP level 5. HP: 28/28 MP: 6/6
    66 | D        | Found a shimmering blue altar of Sif Muna.
    67 | D        | Found an ornate altar of the Wu Jian Council.
    68 | D        | Found a radiant altar of Vehumet.
    73 | D        | Reached skill level 5 in Short Blades
    73 | D        | Reached XP level 6. HP: 32/32 MP: 7/7
   101 | D        | Found Dotrohiu's Antique Armour Emporium.
   101 | D        | Found an ancient bone altar of Kikubaaqudgha.
   101 | D        | Found a hazy altar of Hepliaklqana.
   101 | D        | Found a hide-covered altar of Uskayaw.
   101 | D        | Found a basalt altar of Yredelemnul.
   101 | D        | Found an opulent altar of Gozag.
   101 | D        | Found a snail-covered altar of Cheibriados.
   101 | D        | Found a sacrificial altar of Ru.
   101 | D        | Found a shadowy altar of Dithmenos.
   101 | D        | Noticed a yak
   102 | D        | Found a stormy altar of Qazlal.
   102 | D        | Found a blossoming altar of Fedhas.
   102 | D        | Found a bloodstained altar of Trog.
   102 | D        | Found an iron altar of Okawaru.
   102 | D        | Found a glowing golden altar of the Shining One.
   102 | D        | Found a glowing silver altar of Zin.
   102 | D        | Found a white marble altar of Elyvilon.
   103 | D        | Killed a yak
   104 | D        | Reached skill level 5 in Dodging
   104 | D        | Reached skill level 19 in Stealth
   104 | D        | Found a sparkling altar of Nemelex Xobeh.
   110 | D        | Became a worshipper of Dithmenos the Shadowed
   125 | D        | Found a burning altar of Makhleb.
   125 | D        | Found a shimmering altar of Xom.
   125 | D        | Noticed a slime creature
   126 | D        | Found a viscous altar of Jiyva.
   126 | D        | Found a corrupted altar of Lugonu.
   227 | D        | Noticed a kobold demonologist
   227 | D        | Noticed a glass eye
   232 | D        | Noticed a kobold demonologist
   243 | D        | Noticed Sonja
   247 | D        | Killed Sonja
   248 | D        | Reached skill level 22 in Stealth
   248 | D        | Reached XP level 7. HP: 36/36 MP: 8/8
   265 | D        | Found Qezefet's Magic Scroll Boutique.
   273 | D        | Bought a scroll of fear for 52 gold pieces
   273 | D        | Bought a scroll of enchant weapon for 97 gold pieces
   288 | D        | Noticed a deep troll
   309 | D        | Noticed a rust devil
   311 | D        | Noticed an ice devil
   311 | D        | Killed a kobold demonologist
   311 | D        | Killed a deep troll
   311 | D        | Reached * piety under Dithmenos
   312 | D        | Reached skill level 10 in Dodging
   312 | D        | Reached skill level 24 in Stealth
   312 | D        | Reached skill level 1 in Evocations
   312 | D        | Reached XP level 8. HP: 41/41 MP: 9/9
   330 | D        | Killed a kobold demonologist
   331 | D        | Reached skill level 25 in Stealth
   331 | D        | Reached XP level 9. HP: 44/44 MP: 10/10
   341 | D        | Noticed a demonic crawler
   341 | D        | Noticed a demonic crawler
   341 | D        | Noticed a demonic crawler
   341 | D        | Noticed a demonic crawler
   370 | D        | Found Fitilil's Armour Emporium.
   374 | D        | Bought a +1 cloak of willpower for 214 gold pieces
   443 | D        | Noticed a shining eye
   443 | D        | Noticed a shining eye
   443 | D        | Noticed a shining eye
   443 | D        | Gained mutation: You are frail. (-10% HP) [a shining eye]
   489 | D        | Noticed a centaur warrior
   490 | D        | Noticed a centaur warrior
   493 | D        | Killed a centaur warrior
   493 | D        | Reached ** piety under Dithmenos
   494 | D        | Reached skill level 26 in Stealth
   494 | D        | Killed a centaur warrior
   495 | D        | Reached skill level 27 in Stealth
   514 | D        | Noticed an oklob plant
   516 | D        | Killed an oklob plant
   516 | D        | Reached *** piety under Dithmenos
   517 | D        | Reached skill level 5 in Fighting
   517 | D        | Reached XP level 10. HP: 45/45 MP: 11/11
   551 | D        | Reached **** piety under Dithmenos
   552 | D        | Reached skill level 5 in Throwing
   552 | D        | Reached skill level 1 in Armour
   588 | D        | Reached ***** piety under Dithmenos
   597 | D        | Reached skill level 5 in Evocations
   597 | D        | Found Poem Yqi's Magic Scroll Boutique.
   597 | D        | Found Coisec's Distillery.
   597 | D        | Found Seonunag's Jewellery Emporium.
   622 | D        | Found Corrum's Jewellery Boutique.
   622 | D        | Found Cayt's Jewellery Shoppe.
   622 | D        | Found Ewio's Antique Armour Shop.
   622 | D        | Found Niomueh's Book Emporium.
   622 | D        | Found Hiky's Armour Boutique.
   622 | D        | Found Emaoq's Distillery.
   622 | D        | Found Lier's Armour Shop.
   623 | D        | Found Befoxt's Magic Scroll Emporium.
   629 | D        | Found Teseu's Magic Scroll Boutique.
   629 | D        | Found Aniruxki's Antique Weapon Shoppe.
   630 | D        | Found Lowkin's Armour Shop.
   666 | D        | Reached ****** piety under Dithmenos
   735 | D        | Bought a scroll of enchant armour for 90 gold pieces
   841 | D        | Killed a demonic crawler
   842 | D        | Killed a demonic crawler
   844 | D        | Killed a demonic crawler
   845 | D        | Reached skill level 5 in Armour
   845 | D        | Killed a demonic crawler
   846 | D        | Reached XP level 11. HP: 52/52 MP: 12/12
   858 | D        | Noticed a lindwurm
   862 | D        | Killed a lindwurm
   874 | D        | Reached skill level 15 in Dodging
   879 | D        | Reached skill level 5 in Spellcasting
   928 | D        | Reached skill level 1 in Invocations
   944 | D        | Noticed a 12-headed hydra
   946 | D        | Killed a 12-headed hydra
  1054 | D        | Noticed a shadow dragon
  1054 | D        | Noticed a golden dragon
  1058 | D        | Killed a shadow dragon
  1060 | D        | Killed a golden dragon
  1061 | D        | Reached skill level 5 in Invocations
  1114 | D        | Found Cyukhloox's Magic Scroll Shoppe.
  1131 | D        | Bought a scroll of enchant weapon for 90 gold pieces
  1288 | D        | Noticed a daeva
  1297 | D        | Reached skill level 10 in Spellcasting
  1362 | D        | Noticed a shining eye
  1362 | D        | Noticed a shining eye
  1362 | D        | Noticed a shining eye
  1362 | D        | Noticed a shining eye
  1363 | D        | Killed a shining eye
  1364 | D        | Reached skill level 10 in Short Blades
  1364 | D        | Reached XP level 12. HP: 39/58 MP: 22/27
  1516 | D        | Bought a potion of heal wounds for 60 gold pieces
  1521 | D        | Bought a +2 robe of positive energy for 176 gold pieces
  1540 | D        | Bought the amulet "Mumeepn" {Reflect rC- Dex+5 SH+5} for
                  | 445 gold pieces
  1554 | D        | Bought a potion of invisibility for 96 gold pieces
  1554 | D        | Bought a potion of enlightenment for 60 gold pieces
  1554 | D        | Bought a potion of curing for 36 gold pieces
  1554 | D        | Bought a potion of curing for 36 gold pieces
  1554 | D        | Bought a potion of curing for 36 gold pieces
  1556 | D        | Bought a scroll of acquirement for 624 gold pieces
  1556 | D        | Acquired the ring "Lerrexom" {rN+ rCorr Str-4 Int+3 Dex+9}
  1563 | D        | Bought a scroll of enchant weapon for 90 gold pieces
  1637 | D        | Noticed a fire giant
  1638 | D        | Noticed a fire giant
  1638 | D        | Noticed a fire giant
  1638 | D        | Noticed a fire giant
  1640 | D        | Killed a fire giant
  1642 | D        | Killed a fire giant
  1645 | D        | Killed a fire giant
  1648 | D        | Killed a fire giant
  1655 | D        | Found the +4 dragonskin cloak {Aegis}
  1655 | D        | Noticed Tiamat
  1711 | D        | Noticed a deep elf annihilator
  1715 | D        | Noticed a mummy priest
  1716 | D        | Killed a deep elf annihilator
  1720 | D        | Killed a mummy priest
  1749 | D        | Noticed the 27-headed Lernaean hydra
  1782 | D        | Noticed a deep elf master archer
  1783 | D        | Killed the 27-headed Lernaean hydra
  1784 | D        | Reached skill level 15 in Spellcasting
  1786 | D        | Killed a deep elf master archer
  1787 | D        | Reached XP level 13. HP: 45/63 MP: 23/33
  1821 | D        | Noticed Lom Lobon
  1903 | D        | Identified the amulet "Coror" {rF+ RegenMP+ Str+5}
  2328 | D        | Noticed a lorocyproca
  2521 | D        | Bought a scroll of enchant weapon for 97 gold pieces
  2521 | D        | Bought a scroll of fog for 52 gold pieces
  2605 | D        | Bought a book of Air for 264 gold pieces
  2610 | D        | Learned a level 4 spell: Airstrike
  2670 | D        | Gained mutation: Your magical capacity is low. (-10% MP) [a
                  | shining eye]
  2675 | D        | Reached skill level 10 in Fighting
  2681 | D        | Found Maapa's Antique Armour Shoppe.
  2681 | D        | Found Senlor's Book Shop.
  2681 | D        | Found Laullymni's Distillery.
  2681 | D        | Found Hifonuf's Armour Boutique.
  2687 | D        | Bought a heavily runed robe for 108 gold pieces
  2687 | D        | Identified the +5 robe of the Voracious God {Str-2 Int+3}
                  | (You bought it in a shop in the Dungeon)
  2702 | D        | Bought a book of Movement for 480 gold pieces
  2710 | D        | Learned a level 3 spell: Passwall
  2727 | D        | Lost mutation: You are frail. (-10% HP) [potion of
                  | mutation]
  2727 | D        | Lost mutation: Your magical capacity is low. (-10% MP)
                  | [potion of mutation]
  2727 | D        | Gained mutation: You occasionally lose the ability to drink
                  | potions when taking damage. [potion of mutation]
  2727 | D        | Gained mutation: Your system is resistant to poisons.
                  | (rPois) [potion of mutation]
  3230 | D        | Got the Orb of Zot
  3240 | D        | Identified the +10 mace "Feixkoir" {heavy, Dex+7}
  3258 | D        | Noticed an angel
  3333 | D        | Escaped with the Orb!

Illustrated notes

Levels and vault maps discovered:
D:        dungeon_sprint_1 [red_sonja_temple_1, red_sonja_temple_small_1]

Skill      XL: |  1  2  3  4  5  6  7  8  9 10 11 12 13 |
---------------+----------------------------------------+-----
Fighting       | 2 3 5 6 8 9 10 | 10.0
Short Blades   | 3 4 5 6 7 8 10 13 14 | 14.0
Stealth        | 9 13 17 22 24 25 27 | 27.0
Dodging        | 2 3 8 10 13 14 17 20 21 | 21.3
Evocations     | 1 4 6 7 |  7.0
Throwing       | 9 |  9.0
Armour         | 5 |  5.6
Spellcasting   | 10 15 16 | 16.2
Invocations    | 7 |  7.0

Action                     |  1- 3 |  4- 6 |  7- 9 | 10-12 | 13-15 || total
---------------------------+-------+-------+-------+-------+-------++-------
  Melee: Dagger            |     2 |     4 |    30 |   165 |    43 ||   244
  Throw: Dart              |     8 |       |    12 |     4 |       ||    24
   Cast: Passwall          |       |       |       |       |     3 ||     3
 Invoke: Shadow Step       |       |       |       |     7 |     1 ||     8
  Evoke: Wand              |       |       |     3 |     2 |       ||     5
         Phantom mirror    |       |       |       |       |     1 ||     1
    Use: Scroll            |       |       |       |     5 |     6 ||    11
         Potion            |       |       |       |     3 |     8 ||    11
   Stab: Sleeping          |     1 |     4 |     4 |    50 |     2 ||    61
         Distracted        |       |       |       |       |     3 ||     3
 Armour: Robe              |       |     2 |     2 |    35 |    10 ||    49
  Dodge: Dodged            |       |     3 |     5 |   107 |    26 ||   141

Table legend: (Time is in decaauts)
 A = Elapsed time spent in this place.
 B = Non-inter-level travel time spent in this place.
 C = Inter-level travel time spent in this place.
 D = Time resting spent in this place.
 E = Time spent auto-exploring this place.
 F = Levels seen in this place.
 G = Mean time per level.
                   A        B        C        D        E       F      G
               +--------+--------+--------+--------+--------+-----+--------+
         Total |   2585 |   2444 |    141 |    763 |    117 |   1 | 2585.0 |
       Dungeon |   2585 |   2444 |    141 |    763 |    117 |   1 | 2585.0 |
               +--------+--------+--------+--------+--------+-----+--------+

Top non-repeatable levels by time:
       D: 2585 daAuts
